 Dungeon Crawl Stone Soup version 0.15-a0-39-g424acf8 (webtiles) character file.

358626 Malachi the Bludgeoner (level 22, -10/124 HPs)
             Began as a Vine Stalker Fighter on Apr 1, 2014.
             Was the Champion of Makhleb.
             Killed from afar by a golden dragon (17 damage)
             ... with a bolt of fire
             ... on Level 2 of the Depths on Apr 3, 2014.
             The game lasted 02:20:35 (41041 turns).

Malachi the Bludgeoner (Vine Stalker Fighter)      Turns: 41041, Time: 02:20:35

HP -10/124       AC 35     Str 34      XL: 22   Next: 25%
MP   0/44        EV  7     Int  8      God: Makhleb [******]
Gold 6179        SH 33     Dex 13      Spells:  0 memorised, 21 levels left

rFire  + . .     SeeInvis .     X - +4,+6 eveningstar (vamp)
rCold  . . .     Clarity  .     u - +5 crystal plate armour
rNeg   + . .     Conserve .     a - +1 shield {reflect}
rPois  .         rCorr    .     s - +0 helmet "Sheson" {Str+4}
rElec  .         rRot     +     J - +0 cloak
SustAb . .       Spirit   +     v - +2 pair of gloves
rMut   +         Warding  .     (no boots)
Saprov . . .     Stasis   .     I - amulet of resist mutation
MR     ++...                    p - ring of magical power
                                h - ring of Desertification {rF+ rN+}

@: about to teleport, very resistant to hostile enchantments, extremely
unstealthy
A: fangs 3, regeneration 3, magic shield, antimagic bite, no device heal
a: Minor Destruction, Lesser Servant of Makhleb, Major Destruction, Greater
Servant of Makhleb, Renounce Religion
}: 2/15 runes: serpentine, silver


You were on level 2 of the Depths.
You worshipped Makhleb.
Makhleb was exalted by your worship.
You were hungry.

You visited 8 branches of the dungeon, and saw 41 of its levels.
You visited the Abyss 1 time.
You also visited: Volcano.

You collected 6800 gold pieces.
You spent 621 gold pieces at shops.

Inventory:

Hand weapons
 j - a +5,+5 demon whip of flaming
 X - a +4,+6 vampiric eveningstar (weapon)
Armour
 a - a +1 shield of reflection (worn)
 o - a +1 gold dragon armour
 s - the +0 helmet "Sheson" (worn) {Str+4}
   (You acquired it on level 1 of the Snake Pit)

   It affects your strength (+4).
 u - a +5 crystal plate armour (worn)
 v - a +2 pair of gloves (worn)
 J - a +0 cloak (worn)
Magical devices
 i - a wand of cold (4)
 y - a wand of fire (10)
 A - a wand of cold (9)
 D - a wand of teleportation (4)
 N - a wand of digging (11)
Comestibles
 d - 29 bread rations
 r - 10 meat rations
 t - a chunk of yaktaur flesh
Scrolls
 c - a scroll of summoning
 f - a scroll of identify
 g - 2 scrolls of blinking
 G - a scroll of teleportation
 O - 6 scrolls of remove curse
 T - 5 scrolls of magic mapping
 V - 2 scrolls of fear
Jewellery
 h - the ring of Desertification (left hand) {rF+ rN+}
   (You took it off a deep elf priest on level 5 of the Vaults)

   [ring of protection from fire]

   It protects you from negative energy.
 k - an uncursed ring of protection from magic
 n - an uncursed amulet of resist corrosion
 p - a ring of magical power (right hand)
 z - an uncursed ring of positive energy
 B - an uncursed ring of protection from fire
 I - an amulet of resist mutation (around neck)
 Z - an uncursed amulet of stasis
Potions
 b - 7 potions of restore abilities
 e - 4 potions of might
 l - a potion of lignification
 m - 7 potions of curing
 q - a potion of magic
 K - a potion of flight
 Y - a potion of cure mutation
Rods
 x - a +4 rod of ignition (11/11)
   (You took it off a deep elf priest on level 5 of the Vaults)


   Skills:
 * Level 16.2 Fighting
 + Level 19.2 Maces & Flails
 + Level 14.6 Armour
 + Level 2.5 Dodging
 + Level 16.9 Shields
 - Level 11.0 Invocations
 - Level 2.0 Evocations


You had 21 spell levels left.
You didn't know any spells.

Dungeon Overview and Level Annotations

Branches:
Dungeon (15/15)            Temple (1/1) D:5             Orc (4/4) D:10
    Elf (0/3) Orc:4          Lair (8/8) D:9          Shoals (0/5) Lair:4
  Snake (5/5) Lair:5        Slime (0/6) Lair:8       Vaults (5/5) D:13
  Blade (1/1) Vaults:3      Crypt (0/5) Vaults:2     Depths (2/5) D:15

Altars:
Ashenzari
Cheibriados
Dithmenos
Fedhas
Kikubaaqudgha
Makhleb
Nemelex Xobeh
Okawaru
Sif Muna
Vehumet
Xom
Yredelemnul
Zin
Beogh

Shops:
Orc:1 [*(}   Orc:3 !   Orc:4 !((*   Snake:1 ![   Snake:4 ?   Depths:1 *

Portals:
Hell: Depths:1 Depths:2
Abyss: Depths:1
Trove: Vaults:4 (give wand of heal wounds (8))

Annotations:
Lair:8 exclusion: oklob plant, mk83's ghost, powerful MiBe


Innate Abilities, Weirdness & Mutations

You are immune to rotting.
You have razor-sharp teeth.
You regenerate.
When hurt, damage is shared between your health and your magic reserves.
Your bite disrupts and absorbs the magic of your enemies.
Potions and wands cannot restore your HP.


Message History

You feel strangely unstable. You block the golden dragon's attack.
You block the golden dragon's attack.
The golden dragon tramples you but does no damage.
The sphinx mumbles some strange words.
Something smites you!
* * * LOW HITPOINT WARNING * * *
Read which item? (? for menu, Esc to quit)
As you read the scroll of fog, it crumbles to dust.
The scroll dissolves into smoke.
The golden dragon breathes cold at you. The bolt of cold hits you!
* * * LOW HITPOINT WARNING * * *
The sphinx casts a spell.
Something smites you!
* * * LOW HITPOINT WARNING * * *
Unknown command.
The golden dragon breathes fire at you. The bolt of fire hits you! You resist.
One of your 6 scrolls of magic mapping catches fire!
You die...

#### ..# #§#
#§#######...#
#§D§HYiH....#
#§#####c#...#
#@# #§# #§#
#.# #.# #.#
#.#
#.########
#........#


You could see a golden dragon.

Vanquished Creatures
  An ancient lich (Vaults:5)
  A golden dragon (Vaults:5)
  2 bone dragons
  3 tentacled monstrosities (Vaults:5)
  Asterion (Snake:4)
  A lich (Depths:1)
  5 titans (Vaults:5)
  A quicksilver dragon (Vaults:5)
  5 sphinxes
  2 storm dragons (Vaults:5)
  Agnes (Vaults:2)
  5 tengu reavers
  5 shadow dragons
  7 fire giants
  A deep elf sorcerer (Vaults:4)
  5 frost giants
  6 greater nagas
  An iron dragon (Vaults:5)
  2 emperor scorpions
  Louise (D:15)
  15 vault wardens
  An octopode crusher (Depths:1)
  3 war gargoyles (Vaults:5)
  A deep elf demonologist (Vaults:5)
  13 stone giants
  A dire elephant (Depths:2)
  A deep elf annihilator (Vaults:5)
  13 ettins
  Snorg (Lair:5)
  2 deep elf death magi
  28 vault guards
  2 crystal guardians
  12 ironheart preservers
  Josephine (D:12)
  2 fire dragons (Depths:1)
  3 deep elf high priests
  3 great orbs of eyes
  16 yaktaur captains
  Harold (Lair:5)
  5 hydras
  8 anacondas
  2 ice dragons
  20 naga warriors
  3 rakshasas (Depths:1)
  Erica (D:13)
  3 ravenous feature mimics
  9 ogre magi
  A deep troll earth mage (Vaults:3)
  21 dancing weapons
  A death yak (shapeshifter) (D:15)
  2 orc high priests (Orc:4)
  18 death yaks
  13 naga sharpshooters
  6 shock serpents
  3 centaur warriors
  A very ugly thing (Depths:1)
  Nergalle (Lair:5)
  A fire crab (shapeshifter) (Vaults:2)
  7 iron trolls
  2 salamander mystics
  A deep elf knight (Vaults:1)
  An orb spider (shapeshifter) (D:13)
  An ice devil (Vaults:3)
  2 skeletal warriors (D:15)
  The ghost of ketsa the Transmogrifier, an experienced DrTm of Okawaru (D:9)
  An unseen horror (shapeshifter) (Vaults:1)
  A flayed ghost (Vaults:4)
  2 large abominations (Abyss:1)
  2 lindwurms
  3 naga ritualists
  8 deep trolls
  6 hill giants
  2 necromancers
  2 harpies (Vaults:3)
  21 ironbrand convokers
  12 orc knights
  2 giant orange brains
  A water nymph (shapeshifter) (Vaults:4)
  6 orc sorcerers
  Joseph (Orc:3)
  2 wizards
  A red wasp (shapeshifter) (Vaults:5)
  A deep elf conjurer (Vaults:4)
  2 very ugly thing zombies (D:15)
  3 phantasmal warriors
  3 wolf spiders
  6 mana vipers
  3 red wasps
  A fire giant zombie (D:15)
  3 griffons
  11 salamanders
  3 cyclopes
  5 guardian serpents
  A mermaid (shapeshifter) (Vaults:3)
  A mermaid (Lair:4)
  7 elephants
  27 black mambas
  15 spiny frogs
  19 naga magi
  A queen ant (Lair:8)
  13 vault sentinels
  A yaktaur (shapeshifter) (Vaults:2)
  2 yaktaur zombies (Vaults:5)
  53 yaktaurs
  An elf (shapeshifter) (Vaults:4)
  A feature mimic (Lair:5)
  2 gargoyles
  A kobold demonologist (Vaults:3)
  3 blue devils (Orc:4)
  An efreet (D:15)
  A harpy zombie (Vaults:3)
  4 boggarts (Vaults:3)
  4 deep elf priests
  2 spriggan druids (Lair:8)
  7 trolls
  2 yaktaur skeletons (Vaults:5)
  3 giant fireflies (Lair:8)
  A polar bear (shapeshifter) (Depths:1)
  A fire drake (Lair:3)
  6 freezing wraiths
  8 komodo dragons
  A baby alligator (shapeshifter) (Vaults:5)
  A polar bear (Lair:6)
  Sonja (Orc:3)
  A hydra skeleton (D:12)
  9 two-headed ogres
  A merfolk (D:11)
  2 giant fireflies (shapeshifter)
  5 boulder beetles
  7 deep elf magi
  35 blink frogs
  A snapping turtle (shapeshifter) (Depths:1)
  9 spriggans (Lair:8)
  2 basilisks
  2 griffon skeletons
  A brown ooze (shapeshifter) (Vaults:1)
  A tarantella (shapeshifter) (Vaults:5)
  22 slime creatures
  A water elemental (Depths:1)
  24 yaks
  3 grizzly bears
  2 wraiths
  A shadow (D:11)
  30 ugly things
  A shark (Depths:1)
  2 hill giant zombies
  2 yaks (shapeshifter)
  Grum (Orc:3)
  6 deep elf fighters
  2 vampires
  4 wyverns
  A chaos spawn (Abyss:1)
  71 nagas
  A hungry ghost (D:15)
  10 hippogriffs
  A neqoxec (Vaults:3)
  2 wargs
  11 vampire mosquitoes
  9 porcupines
  27 water moccasins
  27 wolves
  20 soldier ants (Lair:8)
  3 mottled dragons
  A giant goldfish (D:15)
  27 orc warriors
  3 ice beasts
  44 ogres
  A human zombie (Vaults:3)
  4 phantoms
  2 manticore zombies
  7 spiders (Lair:5)
  6 sky beasts
  5 black bears (Lair:8)
  15 centaurs
  A vampire mosquito zombie (D:15)
  6 giant slugs
  3 lava worms (Lair:4)
  A big kobold (D:10)
  A gnoll sergeant (D:7)
  A giant slug zombie (D:12)
  11 giant frogs
  10 crocodiles
  A cyclops zombie (D:15)
  6 scorpions
  12 wights
  A human simulacrum (Vaults:1)
  An electric eel (D:15)
  A manticore simulacrum (D:12)
  7 crimson imps
  4 jellies
  A yak skeleton (Orc:4)
  2 centaur zombies
  4 goliath beetles
  A basilisk zombie (D:9)
  28 orc priests
  18 orc wizards
  3 elf skeletons
  10 hounds
  A giant frog skeleton (D:8)
  2 big fish (D:11)
  A centaur skeleton (D:4)
  6 sheep (Lair:2)
  A boulder beetle simulacrum (Vaults:2)
  8 iguanas
  30 worker ants
  A centaur simulacrum (D:12)
  A big kobold skeleton (D:8)
  2 mummies
  An elf simulacrum (Vaults:1)
  30 adders
  66 green rats
  10 gnolls
  A scorpion zombie (D:10)
  A sky beast simulacrum (D:12)
  A shadow imp (D:11)
  2 giant mites
  An inept feature mimic (D:3)
  8 worms
  A gnoll zombie (D:6)
  9 orc zombies
  12 giant geckos
  An ooze (D:7)
  193 orcs
  28 bats
  5 giant cockroaches
  26 goblins
  15 hobgoblins
  15 jackals
  20 kobolds
  14 quokkas
  5 ball pythons
  5 giant newts
  2 giant spores
  2 kobold skeletons
  22 rats
  5 rat skeletons (Orc:4)
  19 ballistomycetes
1796 creatures vanquished.

Vanquished Creatures (collateral kills)
  A lich (Vaults:5)
  2 vault guards (Vaults:5)
  A naga warrior (Snake:5)
  An orc high priest (Orc:4)
  A naga sharpshooter (Snake:5)
  A salamander mystic (Snake:5)
  2 harpies (Vaults:3)
  2 elephants (Lair:8)
  3 salamanders (Snake:5)
  A black mamba (Snake:5)
  2 naga magi (Snake:5)
  A blue devil (Vaults:5)
  2 yaktaurs
  A redback (Vaults:5)
  2 ugly things (Depths:1)
  10 nagas
  An orc warrior (Orc:4)
  An orc priest (Orc:1)
  5 orc wizards
  13 orcs
  A hobgoblin (Orc:4)
  2 rat skeletons (Orc:4)
56 creatures vanquished.

Vanquished Creatures (others)
  2 balrugs
  4 blizzard demons
  A green death (Snake:1)
  A centaur warrior (D:13)
  An unseen horror (D:15)
  A ynoxinul (Snake:5)
  3 neqoxecs
  2 nagas (Snake:5)
  An orc warrior (D:6)
  A crimson imp (Snake:5)
  An adder (Lair:6)
  4 ufetubi
  An orc (Orc:4)
  A kobold (Vaults:3)
  4 giant spores
  An orc zombie (Orc:4)
  4 rat skeletons (Orc:4)
  A ballistomycete (D:15)
  11 fungi
  2 plants
47 creatures vanquished.

Grand Total: 1899 creatures vanquished

Notes
Turn   | Place    | Note
--------------------------------------------------------------
     0 | D:1      | Malachi, the Vine Stalker Fighter, began the quest for the Orb.
     0 | D:1      | Reached XP level 1. HP: 11/11 MP: 1/1
   117 | D:1      | Reached XP level 2. HP: 16/16 MP: 3/3
   211 | D:1      | Reached skill level 3 in Shields
   572 | D:1      | Reached XP level 3. HP: 19/19 MP: 4/4
   802 | D:2      | Reached XP level 4. HP: 21/24 MP: 5/5
  1181 | D:2      | Reached skill level 1 in Dodging
  1382 | D:3      | Reached XP level 5. HP: 24/28 MP: 5/7
  1791 | D:3      | Found an ancient bone altar of Kikubaaqudgha.
  2298 | D:4      | Gained mutation: You heal very quickly. [vine stalker growth]
  2298 | D:4      | Reached XP level 6. HP: 32/32 MP: 8/8
  2447 | D:4      | Reached skill level 4 in Shields
  2519 | D:4      | Reached XP level 7. HP: 16/36 MP: 9/9
  2993 | D:5      | Entered Level 5 of the Dungeon
  3503 | D:5      | Found a staircase to the Ecumenical Temple.
  3576 | Temple   | Entered the Ecumenical Temple
  3725 | Temple   | Became a worshipper of Makhleb the Destroyer
  3953 | D:5      | Gained mutation: You have razor-sharp teeth. [vine stalker growth]
  3953 | D:5      | Reached XP level 8. HP: 37/42 MP: 11/11
  4032 | D:5      | Reached skill level 5 in Maces & Flails
  4302 | D:6      | Acquired Makhleb's first power
  4536 | D:6      | HP: 2/42 [orc warrior/trident (6)]
  4585 | D:6      | Reached skill level 5 in Shields
  4880 | D:7      | Found a shattered altar of Ashenzari.
  4972 | D:7      | Found a sparkling altar of Nemelex Xobeh.
  5002 | D:7      | Reached skill level 6 in Maces & Flails
  5072 | D:7      | Reached skill level 5 in Armour
  5090 | D:7      | Reached XP level 9. HP: 45/45 MP: 12/12
  5099 | D:7      | Acquired Makhleb's second power
  5490 | D:8      | Reached skill level 7 in Maces & Flails
  5547 | D:8      | Noticed a hill giant
  5566 | D:8      | Killed a hill giant
  5755 | D:8      | Reached XP level 10. HP: 51/51 MP: 13/13
  5943 | D:8      | Reached skill level 8 in Maces & Flails
  6129 | D:9      | Reached skill level 5 in Fighting
  6129 | D:9      | Reached skill level 1 in Invocations
  6162 | D:9      | Acquired Makhleb's third power
  6229 | D:9      | Found a staircase to the Lair.
  6417 | D:9      | Noticed ketsa's ghost (experienced DrTm)
  6430 | D:9      | Killed ketsa's ghost
  6687 | D:10     | Entered Level 10 of the Dungeon
  7017 | D:10     | Acquired Makhleb's fourth power
  7072 | D:10     | Found a roughly hewn altar of Beogh.
  7084 | D:10     | Found a staircase to the Orcish Mines.
  7372 | D:10     | Reached skill level 9 in Maces & Flails
  7488 | D:10     | Acquired Makhleb's fifth power
  7796 | D:11     | Reached XP level 11. HP: 56/56 MP: 20/20
  8161 | D:11     | Noticed an eight-headed hydra
  8169 | D:11     | Killed an eight-headed hydra
  8523 | Lair:1   | Entered Level 1 of the Lair of Beasts
  8697 | Lair:1   | Reached skill level 1 in Evocations
  8846 | Lair:1   | Gained mutation: Your mind is acute. (Int +2) [potion of mutation]
  9059 | Lair:1   | Reached skill level 10 in Maces & Flails
  9498 | Lair:2   | Noticed a five-headed hydra
  9507 | Lair:2   | Killed a five-headed hydra
  9874 | Lair:3   | Reached skill level 5 in Invocations
  9889 | Lair:3   | Gained mutation: You regenerate. [vine stalker growth]
  9889 | Lair:3   | Reached XP level 12. HP: 61/61 MP: 22/22
 10130 | Lair:3   | Reached skill level 11 in Maces & Flails
 10934 | Lair:4   | Found a staircase to the Shoals.
 11312 | Lair:4   | Found a dark tunnel.
 11367 | Volcano  | Entered a volcano
 11640 | Lair:5   | Noticed Harold
 11649 | Lair:5   | Killed Harold
 11649 | Lair:5   | Reached skill level 10 in Shields
 11688 | Lair:5   | Noticed Snorg
 11759 | Lair:5   | HP: 3/62 [Snorg (3)]
 11798 | Lair:5   | Killed Snorg
 11798 | Lair:5   | Reached XP level 13. HP: 31/66 MP: 5/25
 11846 | Lair:5   | Noticed a death yak
 11847 | Lair:5   | Noticed a death yak
 11848 | Lair:5   | Noticed a death yak
 11858 | Lair:5   | Found a hole to the Spider Nest.
 11858 | Lair:5   | Noticed a death yak
 11861 | Lair:5   | the hole to the Spider Nest was a mimic.
 11893 | Lair:5   | Reached skill level 12 in Maces & Flails
 11990 | Lair:5   | Killed a death yak
 11997 | Lair:5   | Killed a death yak
 12002 | Lair:5   | Killed a death yak
 12012 | Lair:5   | Killed a death yak
 12033 | Lair:5   | Found a staircase to the Snake Pit.
 12057 | Lair:5   | Noticed Nergalle
 12072 | Lair:5   | Killed Nergalle
 12592 | Lair:6   | Found an ancient bone altar of Kikubaaqudgha.
 13661 | Lair:7   | Lost mutation: Your mind is acute. (Int +2) [potion of cure mutation]
 14037 | Lair:7   | Reached XP level 14. HP: 58/72 MP: 27/27
 14412 | Lair:8   | Entered Level 8 of the Lair of Beasts
 14476 | Lair:8   | Found a staircase to the Slime Pits.
 14776 | Lair:8   | Found a burning altar of Makhleb.
 14894 | Lair:8   | Reached skill level 13 in Maces & Flails
 15536 | Lair:8   | Noticed mk83's ghost (powerful MiBe)
 16088 | Lair:2   | Upgraded the game from 0.15-a0-33-ga435e27 to 0.15-a0-39-g424acf8
 16328 | Orc:1    | Entered Level 1 of the Orcish Mines
 16328 | Orc:1    | Found Raxeurot's Antique Armour Boutique.
 16328 | Orc:1    | Found Mugu's General Store.
 16595 | Orc:1    | Found Fryguaj's Antique Weapon Emporium.
 16619 | Orc:1    | Reached skill level 10 in Armour
 16629 | Orc:1    | Found Bleidiu's Gadget Shoppe.
 17453 | Orc:3    | Noticed Joseph
 17466 | Orc:3    | Killed Joseph
 17551 | Orc:3    | Found Cuacur's Distillery.
 17575 | Orc:3    | Noticed Grum
 17590 | Orc:3    | Killed Grum
 17856 | Orc:3    | Noticed Sonja
 17866 | Orc:3    | Cast into the Abyss (Sonja)
 17958 | Orc:3    | Escaped the Abyss
 17963 | Orc:3    | Killed Sonja
 18171 | Orc:4    | Entered Level 4 of the Orcish Mines
 18600 | Orc:4    | Reached XP level 15. HP: 77/77 MP: 29/29
 18739 | Orc:4    | Found a staircase to the Elven Halls.
 18893 | Orc:4    | Found Greleop's General Store.
 18913 | Orc:4    | Found Riosies' Antique Weapon Shoppe.
 18919 | Orc:4    | Found Uhaossi's Weapon Boutique.
 18920 | Orc:4    | Found Gafaf's Distillery.
 18959 | Orc:4    | Bought a +2 shield of reflection for 314 gold pieces
 19672 | D:12     | Noticed Josephine
 19687 | D:12     | Killed Josephine
 20214 | D:13     | Found a gate to the Vaults.
 20379 | D:13     | Noticed Erica
 20389 | D:13     | Killed Erica
 21152 | D:14     | Found a radiant altar of Vehumet.
 21667 | D:15     | Entered Level 15 of the Dungeon
 21668 | D:15     | Noticed Louise
 21670 | D:15     | Reached skill level 10 in Invocations
 21731 | D:15     | Killed Louise
 21744 | D:15     | Found a staircase to the Depths.
 23432 | Depths:1 | Entered Level 1 of the Depths
 23474 | Depths:1 | Found Tyvuixot's Assorted Antiques.
 23638 | Depths:1 | Noticed a fire giant
 23703 | Depths:1 | Killed a fire giant
 23703 | Depths:1 | Reached XP level 16. HP: 72/83 MP: 24/31
 23714 | Depths:1 | Reached skill level 14 in Maces & Flails
 23947 | Depths:1 | Found a gateway to Hell.
 24615 | Snake:1  | Entered Level 1 of the Snake Pit
 24833 | Snake:1  | Identified a scroll of acquirement
 24836 | Snake:1  | Got a shimmering helmet
 24840 | Snake:1  | Identified the +0 helmet "Sheson" {Str+4} (You acquired it on level 1 of the Snake Pit)
 25108 | Snake:1  | Found an ancient bone altar of Kikubaaqudgha.
 25123 | Snake:1  | Found Kapsoano's Distillery.
 25313 | Snake:1  | Found a basalt altar of Yredelemnul.
 25479 | Snake:1  | Found Kenli's Antique Armour Shop.
 25490 | Snake:1  | Bought a pair of glowing gloves for 126 gold pieces
 27468 | Snake:4  | Noticed Asterion
 27469 | Snake:4  | Noticed a spectral weapon
 27484 | Snake:4  | Killed Asterion
 27852 | Snake:4  | Reached XP level 17. HP: 82/88 MP: 32/32
 27881 | Snake:4  | Found Giovvui's Magic Scroll Emporium.
 28373 | Snake:5  | Entered Level 5 of the Snake Pit
 28626 | Snake:5  | Reached skill level 10 in Fighting
 28696 | Snake:5  | Reached skill level 15 in Maces & Flails
 29761 | Snake:5  | Got a serpentine rune of Zot
 30511 | Vaults:1 | Entered Level 1 of the Vaults
 30553 | Vaults:1 | Reached XP level 18. HP: 96/96 MP: 32/32
 32017 | Vaults:2 | Identified the Grimoire of Beguiling
 32048 | Vaults:2 | Reached skill level 16 in Maces & Flails
 32145 | Vaults:2 | Noticed Agnes
 32159 | Vaults:2 | Killed Agnes
 32548 | Vaults:2 | Reached skill level 15 in Shields
 32867 | Vaults:2 | Noticed a bone dragon
 32886 | Vaults:2 | Killed a bone dragon
 32924 | Vaults:2 | Found a staircase to the Crypt.
 33126 | Vaults:3 | Reached XP level 19. HP: 102/102 MP: 33/33
 33624 | Vaults:3 | Found a staircase to the Hall of Blades.
 34688 | Blade    | Entered the Hall of Blades
 35211 | Vaults:4 | Reached skill level 17 in Maces & Flails
 35840 | Vaults:4 | Reached XP level 20. HP: 109/109 MP: 34/34
 36003 | Vaults:4 | Found a portal to a secret trove of treasure.
 36235 | Vaults:5 | Entered Level 5 of the Vaults
 36723 | Vaults:5 | Noticed a golden dragon
 36729 | Vaults:5 | Killed a golden dragon
 36913 | Vaults:5 | Reached skill level 18 in Maces & Flails
 36990 | Vaults:5 | Got a faintly glowing jade ring
 36991 | Vaults:5 | Identified the ring of Desertification {rF+ rN+} (You took it off a deep elf priest on level 5 of the Vaults)
 37017 | Vaults:5 | Identified a +4 rod of ignition (11/11) (You took it off a deep elf priest on level 5 of the Vaults)
 37116 | Vaults:5 | Got a silver rune of Zot
 37125 | Vaults:5 | Reached XP level 21. HP: 116/116 MP: 34/34
 37186 | Vaults:5 | Reached skill level 15 in Fighting
 37242 | Vaults:5 | Noticed an ancient lich
 37249 | Vaults:5 | Killed an ancient lich
 37989 | Vaults:5 | Identified the Handbook of the Rocks and Unholy Rites
 39985 | Depths:1 | Bought a scroll of enchant weapon II for 181 gold pieces
 40274 | Depths:1 | Found a one-way gate to the infinite horrors of the Abyss.
 40539 | Depths:1 | Reached skill level 19 in Maces & Flails
 40562 | Depths:1 | Noticed a lich
 40565 | Depths:1 | Paralysed by a lich for 5 turns
 40574 | Depths:1 | Killed a lich
 40574 | Depths:1 | Reached XP level 22. HP: 123/123 MP: 35/35
 40718 | Depths:1 | Noticed a frost giant
 40724 | Depths:1 | Killed a frost giant
 41039 | Depths:2 | HP: 5/124 [sphinx/divine providence (8)]
 41041 | Depths:2 | Killed from afar by a golden dragon

Action                   |  1- 3 |  4- 6 |  7- 9 | 10-12 | 13-15 | 16-18 | 19-21 | 22-24 || total
-------------------------+-------+-------+-------+-------+-------+-------+-------+-------++-------
Melee: Flail             |   104 |   211 |   402 |   981 |  2064 |   435 |       |       ||  4197
       Demon whip        |       |       |       |       |       |  1239 |   481 |       ||  1720
       Eveningstar       |       |       |       |       |       |       |   927 |   127 ||  1054
Invok: Greater Servant o |       |       |       |       |     4 |     5 |     4 |       ||    13
       Lesser Servant of |       |       |       |       |     1 |     3 |       |       ||     4
Evoke: Wand              |       |       |     1 |    20 |     7 |     3 |       |       ||    31
  Use: Scroll            |       |    10 |     8 |    17 |    11 |    12 |    20 |     2 ||    80
       Potion            |       |       |       |    13 |     1 |     5 |     3 |       ||    22
 Stab: Fleeing           |       |       |       |       |     2 |       |       |       ||     2
       Distracted        |       |       |       |       |     2 |     4 |     2 |       ||     8
